 Dungeon Crawl Stone Soup version 0.31-a0-188-g5e087ee2ca (webtiles) character file.

Game seed: 6212510855494509352

36 qw the Shooter (level 3, -7/20 HPs)
             Began as a Deep Elf Hunter on June 23, 2023.
             Mangled by Sigmund
             ... wielding a +0 scythe
              (9 damage)
             ... on level 2 of the Dungeon.
             The game lasted 00:00:28 (1127 turns).

qw the Shooter (Deep Elf Hunter)                    Turns: 1127, Time: 00:00:28

Health: -7/20      AC:  6    Str: 10    XL:     3   Next: 19%
Magic:  5/5        EV: 11    Int: 18    God:
Gold:   53         SH:  0    Dex: 18    Spells: 2/2 levels left

rFire   . . .        Y - +0 shortbow
rCold   . . .        (shield currently unavailable)
rNeg    . . .        h - +0 ring mail
rPois   .            (no helmet)
rElec   .            a - +0 cloak of Recklessness {Will++ Int+5 Stlth+}
rCorr   .            (no gloves)
SInv    .            (no boots)
Will    ++...        (no amulet)
Stlth   ++           (no ring)
HPRegen 0.23/turn    (no ring)
MPRegen 0.09/turn

%: no passive effects
@: no status effects
A: no striking features
a: no special abilities


You were on level 2 of the Dungeon.
You visited 1 branch of the dungeon, and saw 2 of its levels.

You collected 81 gold pieces.
You spent 28 gold pieces at shops.


   Skills:
 - Level 1.5 Fighting
 + Level 6.8 Ranged Weapons
 - Level 2.4 Dodging
 - Level 1.2 Stealth


You had 2 spell levels left.
You didn't know any spells.
Your spell library was empty.

Inventory:

Hand Weapons
 Y - a +0 shortbow (weapon)
Armour
 a - the +0 cloak of Recklessness (worn) {Will++ Int+5 Stlth+}
   (You acquired it on level 1 of the Dungeon)

   Int:       It affects your intelligence (+5).
   Will:      It greatly increases your willpower.
   Stlth:     It makes you more stealthy.
 b - a +0 pair of boots
 h - a +0 ring mail (worn)
Scrolls
 c - a scroll of fog {unknown}
 d - a scroll of enchant armour {unknown}
 g - 2 scrolls of identify
Potions
 e - a potion of heal wounds
 f - a potion of invisibility {unknown}
 k - a potion of lignification {unknown}

Dungeon Overview and Level Annotations

Branches:
Dungeon (2/15)

Altars:

Shops:
D:1 ?

Annotations:
D:2 Sigmund


Message History

Enter note:
Enter note:
Enter note:
Enter note:
Enter note: Sigmund and a kobold come into view.
Found a metallic purple potion.
Sigmund shouts!
The kobold shouts!
Enter note:
Enter note:
Enter note:
Enter note:
Enter note:
Enter note: You shoot an arrow.
The arrow hits Sigmund.
Sigmund is lightly wounded.
Sigmund casts a spell.
Sigmund flickers and vanishes!
Deactivating autopickup; reactivate with Ctrl-A.
You shoot an arrow. The arrow closely misses the kobold.
You shoot an arrow. The arrow hits the kobold.
You kill the kobold!
You shoot an arrow. You shoot an arrow. Something hits you!
Ouch! That really hurt!
You shoot an arrow. Something hits you.
You shoot an arrow. You shoot an arrow. Something hits you.
You shoot an arrow. Something hits you but does no damage.
You shoot an arrow. Something hits you but does no damage.
You shoot an arrow. Something hits you but does no damage.
You shoot an arrow. Something hits you!
You die...

....!. .(... #.... ... .). #
#{# # #.##.##.# #...@...#.
####.###.... ###.# #.. .
##.#.# #.# .#. #.#..# #.# ..
#.### #.# ..# #.# #.#####..#
##############.#####.........
.......................#.###


There were no monsters in sight!

Vanquished Creatures
  A dart slug (D:1)
  2 endoplasms (D:1)
  A giant cockroach (D:2)
  A goblin (D:1)
  5 hobgoblins
  5 jackals
  2 quokkas (D:2)
  3 ball pythons
  3 bats
  A frilled lizard (D:2)
  3 kobolds
  4 rats
31 creatures vanquished.

Notes
Turn   | Place    | Note
-------+----------+-------------------------------------------
     0 | D:1      | qw the Deep Elf Hunter began the quest for the Orb.
     0 | D:1      | Reached XP level 1. HP: 12/12 MP: 3/3
     0 | D:1      | 0 ||| qw: Version: 0.3-a-9-g12657ce
     0 | D:1      | 0 ||| qw: Game counter: 4119
     0 | D:1      | 0 ||| qw: Always use a shield: true
     0 | D:1      | 0 ||| qw: God list: Okawaru
     0 | D:1      | 0 ||| qw: Allow faded altars: false
     0 | D:1      | 0 ||| qw: Do Orc after D:15 true
     0 | D:1      | 0 ||| qw: Do second Lair branch before Depths: true
     0 | D:1      | 0 ||| qw: Lair rune preference: random
     0 | D:1      | 0 ||| qw: Plans: Normal
     0 | D:1      | 0 ||| PLANNING D:1-11
   136 | D:1      | Found Cukhev's Magic Scroll Shop.
   154 | D:1      | 154 ||| SHOPLISTING scroll of enchant armour (105 gold,
                  | have 33).
   154 | D:1      | 154 ||| BUYING scroll of identify (28 gold).
   154 | D:1      | Bought a scroll of identify for 28 gold pieces
   154 | D:1      | 154 ||| SHOPLISTING scroll of teleportation (42 gold, have
                  | 5).
   195 | D:1      | Reached skill level 6 in Ranged Weapons
   195 | D:1      | Reached XP level 2. HP: 16/16 MP: 4/4
   529 | D:1      | 529 ||| UPGRADING to +0 ring mail.
   539 | D:1      | 539 ||| DROPPING +0 leather armour.
   540 | D:1      | 540 ||| DROPPING ring of wizardry.
   541 | D:1      | 541 ||| READING scroll labelled EPRUCVIRUC.
   546 | D:1      | 546 ||| READING scroll labelled LACSOSKIAM.
   546 | D:1      | Identified a scroll of acquirement
   546 | D:1      | 546 ||| ACQUIRING +0 cloak of Recklessness {Will++ Int+5
                  | Stlth+}
   546 | D:1      | Acquired the +0 cloak of Recklessness {Will++ Int+5 Stlth+}
   548 | D:1      | 548 ||| UPGRADING to +0 cloak of Recklessness {Will++ Int+5
                  | Stlth+}.
   553 | D:1      | 553 ||| READING scroll labelled JOFROS NEMUI.
   554 | D:1      | 554 ||| DRINKING 2 green potions.
   555 | D:1      | 555 ||| DROPPING scroll of butterflies.
   567 | D:2      | 567 ||| STAIRDANCE
   599 | D:2      | 599 ||| STAIRDANCE
   858 | D:2      | Reached XP level 3. HP: 19/20 MP: 5/5
  1028 | D:2      | Identified the +5 war axe of Gozag's Condemnation {venom,
                  | +Blink rCorr Str+2}
  1115 | D:2      | Noticed Sigmund
  1123 | D:2      | HP: 1/20 [something (6)]
  1127 | D:2      | Mangled by Sigmund

Levels and vault maps discovered:
D:1:      matt_arrival_los_fun, layout_basic, serial_shops, shop,
          item_on_display_a
D:2:      layout_loops_cross, uniq_sigmund

Skill      XL: |  1 |
---------------+----+-----
Ranged Weapons | 6 |  6.8
Fighting       | |  1.5
Dodging        | |  2.4
Stealth        | |  1.2

Action                     || total
---------------------------++-------
   Fire: Shortbow          ||   107
    Use: Scroll            ||     3
         Potion            ||     1
 Armour: Ring mail         ||    28
  Dodge: Dodged            ||    29

Table legend:
 A = Non-vault XP
 B = Vault XP
 C = Vault XP percentage of total XP
 D = Non-vault monster count
 E = Vault monster count
 F = Vault count percentage of total count
                 A         B        C        D         E       F
            +---------+---------+-------+---------+---------+-------
      Total |      52 |       0 |   0.0 |      31 |       0 |   0.0
            +---------+---------+-------+---------+---------+-------
        D:1 |      27 |       0 |   0.0 |      15 |       0 |   0.0
        D:2 |      25 |       0 |   0.0 |      16 |       0 |   0.0
            +---------+---------+-------+---------+---------+-------
